Map: Turbodrome ’84 EC

Players

Khaam

  • Race: Zerg Zerg
  • Spawn Location: 7:00

VOD

Have the link to the VOD?

Description

Time

  • Played on: June 14, 2019, 8:36 a.m.
  • Length: 6:58
Show
View Real Time Build Order
Export as new Build Order

Khaam Zerg 

Build Orders:  

Get SALT Encoding   

  12  0:03  Drone  
  13  0:18  Overlord  
  13  0:26  Drone  
  14  0:43  Drone x2  
  16  0:51  Drone  
  17  1:15  Hatchery  
  16  1:22  Drone  
  16  1:26  Drone  
  18  1:45  Spawning Pool  
  18  1:48  Drone  
  18  1:53  Drone  
  19  2:00  Extractor  
  19  2:06  Drone  
  19  2:19  Drone  
  20  2:34  Overlord  
  20  2:50  Drone  
  20  2:55  Queen x2  
  20  2:59  Drone  
  26  3:07  Zergling x2  
  27  3:10  Overlord  
  27  3:20  Zergling x2  
  27  3:29  Zergling x2  
  29  3:41  Drone x2  
  31  4:02  Queen  
  33  4:10  Drone x3  
  33  4:12  Roach Warren  
  33  4:14  Overlord  
  33  4:15  Extractor  
  33  4:17  Metabolic Boost  
  34  4:20  Drone  
  35  4:30  Drone  
  35  4:36  Drone x2  
  35  4:37  Drone  
  35  4:38  Drone  
  40  4:51  Drone x3  
  43  5:16  Drone  
  43  5:17  Drone x3  
  43  5:19  Lair  
  47  5:27  Roach x2  
  51  5:40  Overlord x2  
  51  5:46  Extractor  
  48  5:54  Roach x2  
  47  6:10  Roach x4  
  47  6:11  Roach  
Tags
 
Add a new tag
Caveats
  • Supply blocks, unpowered buildings, or Contaminate may cause inaccurate times.
  • Supply counts are checked every 10 seconds.